 Dungeon Crawl Stone Soup version 0.29-a0-2-g12fcac58f8 (webtiles) character file.

Game seed: 2133852192029387954

2 croobank the Firebug (level 1, 0/14 HPs)
             Began as a Draconian Fire Elementalist on Jan 26, 2022.
             Slain by a jackal (2 damage)
             ... on level 1 of the Dungeon.
             The game lasted 00:04:57 (112 turns).

croobank the Firebug (Draconian Fire Elementalist)   Turns: 112, Time: 00:04:58

Health: 0/14       AC:  4    Str: 10    XL:     1   Next: 33%
Magic:  1/3        EV: 12    Int: 15    God:
Gold:   0          SH:  0    Dex: 11    Spells: 3/4 levels left

rFire   . . .      SeeInvis .   (no weapon)
rCold   . . .      Faith    .   (no shield)
rNeg    . . .      Spirit   .   (armour unavailable)
rPois   .          Reflect  .   (helmet restricted)
rElec   .          Harm     .   (no cloak)
rCorr   .          Rampage  .   (no gloves)
Will    .....                   (no boots)
Stlth   ++........              (no amulet)
HPRegen 0.04/turn               (no ring)
MPRegen 0.08/turn               (no ring)

@: no status effects
A: AC +4, unfitting armour, cold-blooded
a: no special abilities


You were on level 1 of the Dungeon.
You visited 1 branch of the dungeon, and saw 1 of its levels.

Inventory:

Missiles
 a - 31 sling bullets


   Skills:
 + Level 1.8 Dodging
 + Level 1.8 Stealth
 + Level 2.0 Spellcasting
 + Level 1.0 Conjurations
 + Level 3.0 Fire Magic


You had 3 spell levels left.
You knew the following spells:

 Your Spells              Type           Power      Damage    Failure   Level
a - Foxfire               Conj/Fire      28%        2x1d5     10%         1

Your spell library contained the following spells:

 Spells                   Type           Power      Damage    Failure   Level
 Scorch                   Fire           20%        2d6       10%         2
 Conjure Flame            Conj/Fire      7%         6-21      28%         3
 Inner Flame              Hex/Fire       6%         N/A       34%         3
 Flame Wave               Conj/Fire      7%         2d5       67%         4


Dungeon Overview and Level Annotations

Branches:
Dungeon (1/15)

Altars:


Innate Abilities, Weirdness & Mutations

Your plain brown scales are hard. (AC +4)
You cannot fit into any form of body armour.
You are cold-blooded and may be slowed by cold attacks.


Message History

The bat hits you but does no damage. The bat closely misses you.
The bat hits you but does no damage. The bat hits you but does no damage. x2
Casting: Foxfire (safe; 10% risk of failure)
Confirm with . or Enter, or press ? or * to list all spells.
You don't know that spell.
The bat hits you but does no damage. The bat barely misses you.
Casting: Foxfire (safe; 10% risk of failure)
Confirm with . or Enter, or press ? or * to list all spells.
You miscast Foxfire.
You are very lightly contaminated with residual magic.
Nothing appears to happen.
The bat closely misses you.
Casting: Foxfire (safe; 10% risk of failure)
Confirm with . or Enter, or press ? or * to list all spells.
You conjure some foxfire!
The bat hits you but does no damage.
The foxfire hits the jackal.
You kill the jackal!
The foxfire hits the bat.
You kill the bat!
You hit the jackal but do no damage. The jackal barely misses you.
You hit the jackal.
The jackal is moderately wounded.
The jackal bites you but does no damage.
The jackal bites you.
* * * LOW HITPOINT WARNING * * *
You barely miss the jackal.
The jackal is moderately wounded.
The jackal completely misses you.
Your magical contamination has completely faded away.
You barely miss the jackal.
The jackal is moderately wounded.
The jackal bites you but does no damage.
You miss the jackal.
Your tail-slap misses the jackal.
The jackal is lightly wounded.
The jackal closely misses you. x2
You hit the jackal but do no damage.
The jackal is lightly wounded.
The jackal bites you.
You die...

#..#.....#..K#.#....#..#
#............#.#....#..#
#.##.##...#..#.#....#..######
#.......#.#.K#.#....#..#g...h
#######.#.#....#.......#.####
#.###..#.# #.#...h..##
#........# ##.......
#####.##g#######K#...##
#.@hh†K.......####
####h########.# #...h..K...#
############


You could see 3 jackals, a goblin and a kobold.

Vanquished Creatures
  A bat (D:1)
  A jackal (D:1)
2 creatures vanquished.

Vanquished Creatures (others)
  7 foxfires (D:1)
7 creatures vanquished.

Grand Total: 9 creatures vanquished

Notes
Turn   | Place    | Note
-------+----------+-------------------------------------------
     0 | D:1      | croobank the Draconian Fire Elementalist began the quest
                  | for the Orb.
     0 | D:1      | Reached XP level 1. HP: 14/14 MP: 3/3
   112 | D:1      | Slain by a jackal

Illustrated notes

Levels and vault maps discovered:
D:1:      minmay_arrival_semitransparent, layout_basic, minmay_distorted

Action                   || total
-------------------------++-------
Melee: Unarmed           ||    13
 Cast: Foxfire           ||     6
Armor: Skin              ||    22
Dodge: Dodged            ||    37

Table legend: (Time is in decaauts)
 A = Elapsed time spent in this place.
 B = Non-inter-level travel time spent in this place.
 C = Inter-level travel time spent in this place.
 D = Time resting spent in this place.
 E = Time spent auto-exploring this place.
 F = Levels seen in this place.
 G = Mean time per level.
                   A        B        C        D        E       F      G
               +--------+--------+--------+--------+--------+-----+--------+
         Total |    112 |    112 |      0 |      0 |     26 |   1 |  112.0 |
       Dungeon |    112 |    112 |      0 |      0 |     26 |   1 |  112.0 |
               +--------+--------+--------+--------+--------+-----+--------+

Top non-repeatable levels by time:
     D:1: 112 daAuts
